 Dungeon Crawl Stone Soup version 0.20-a0-540-ge6d1839 (webtiles) character file.

292 Devintownsend the Shield-Bearer (level 6, -7/56 HPs)
             Began as a Minotaur Fighter on Jan 30, 2017.
             Mangled by an ogre
             ... wielding a +0 giant spiked club
              (8 damage)
             ... on level 4 of the Dungeon.
             The game lasted 00:06:52 (2421 turns).

Devintownsend the Shield-Bearer (Minotaur Fighter)  Turns: 2421, Time: 00:06:53

Health: -7/56      AC: 16    Str: 23    XL:     6   Next: 10%
Magic:  5/5        EV:  6    Int:  5    God:
Gold:   228        SH: 10    Dex:  9    Spells: 5/5 levels left

rFire    . . .     SeeInvis .   a - +0 war axe
rCold    . . .     Gourm    .   t - +4 chain mail
rNeg     . . .     Faith    .   c - +0 shield
rPois    .         Spirit   .   (helmet restricted)
rElec    .         Reflect  .   d - +1 cloak {MR+}
rCorr    .         Harm     .   (no gloves)
MR       +....                  (no boots)
Stlth    ..........             (no amulet)
Regen    0.2/turn               (no ring)
                                (no ring)

@: no status effects
A: retaliatory headbutt, horns 2
a: no special abilities


You were on level 4 of the Dungeon.
You were not hungry.

You visited 1 branch of the dungeon, and saw 4 of its levels.

You collected 228 gold pieces.

Inventory:

Hand Weapons
 a - a +0 war axe (weapon)
 u - a +0 battleaxe
Armour
 b - a +0 scale mail
 c - a +0 shield (worn)
 d - a +1 cloak of magic resistance (worn)
 t - a +4 chain mail (worn)
Scrolls
 e - 4 scrolls of teleportation
 i - a scroll of remove curse {unknown}
 k - a scroll of enchant armour {unknown}
 l - a scroll of fear {unknown}
 m - 5 scrolls of identify {unknown}
 n - a scroll of blinking {unknown}
 o - a scroll of random uselessness {unknown}
 q - a scroll of magic mapping {unknown}
Potions
 g - 3 potions of curing
 h - a potion of brilliance
 p - 2 potions of agility {unknown}
 r - 2 potions of heal wounds
 s - 2 potions of haste {unknown}
 v - a potion of degeneration {unknown}
Comestibles
 f - a bread ration
 j - 3 royal jellies


   Skills:
 + Level 5.2 Fighting
 - Level 2.4 Axes
 + Level 5.2 Armour
 + Level 6.2 Shields


You had 5 spell levels left.
You didn't know any spells.

Dungeon Overview and Level Annotations

Branches:
Dungeon (4/15)
 Temple: D:4-7

Altars:
Ashenzari
Fedhas
Sif Muna
Trog
Uskayaw


Innate Abilities, Weirdness & Mutations

You reflexively headbutt those who attack you in melee.
You have a pair of horns on your head.


Message History

An ogre comes into view. It is wielding a giant spiked club.
The ogre shouts!
The ogre hits you with a giant spiked club!
You barely miss the ogre.
You headbutt the ogre, but do no damage.
The ogre barely misses you.
You hit the ogre.
The ogre is lightly wounded.
The ogre hits you with a giant spiked club!
You closely miss the ogre.
The ogre is lightly wounded.
The ogre hits you with a giant spiked club!
You barely miss the ogre.
The ogre is lightly wounded.
The ogre hits you with a giant spiked club!!
* * * LOW HITPOINT WARNING * * *
You barely miss the ogre. Your headbutt misses the ogre.
The ogre is lightly wounded.
The ogre hits you with a giant spiked club!
You die...

######### #####.#.#.#.##
.............#######
....#.#.#.#.#.......
....................
....#....#.#.#.#>#.......
....#...........@O.......
....#....#.#.#.#.#.......
....#.............###.###
....#....#.#.#.#.## #
....#........#.....
....#........#......
....#........#.......
....#........#########
....#................#


You could see an ogre.

Vanquished Creatures
  An ogre (D:4)
  Crazy Yiuf (D:3)
  2 worker ants (D:3)
  6 adders
  A worm (D:4)
  An adder skeleton (D:4)
  2 dart slugs
  5 leopard geckos
  4 giant cockroaches
  8 goblins
  10 hobgoblins
  4 quokkas
  6 bats
  4 frilled lizards
  5 kobolds (D:3)
  4 rats
64 creatures vanquished.

Notes
Turn   | Place    | Note
-------+----------+-------------------------------------------
     0 | D:1      | Devintownsend the Minotaur Fighter began the quest for the Orb.
     0 | D:1      | Reached XP level 1. HP: 19/19 MP: 0/0
   210 | D:1      | Reached XP level 2. HP: 25/27 MP: 1/1
   644 | D:2      | Found a hide-covered altar of Uskayaw.
   645 | D:2      | Found a deep blue altar of Sif Muna.
   645 | D:2      | Found a blossoming altar of Fedhas.
   646 | D:2      | Found a bloodstained altar of Trog.
   646 | D:2      | Found a shattered altar of Ashenzari.
   756 | D:2      | Reached skill level 4 in Shields
   789 | D:2      | Reached XP level 3. HP: 33/33 MP: 2/2
  1055 | D:2      | Reached XP level 4. HP: 40/41 MP: 3/3
  1559 | D:3      | Reached skill level 5 in Shields
  1570 | D:3      | Found a runed door.
  1575 | D:3      | Noticed Crazy Yiuf
  1578 | D:3      | Killed Crazy Yiuf
  1578 | D:3      | Reached XP level 5. HP: 47/47 MP: 4/4
  1791 | D:3      | Reached skill level 5 in Fighting
  2278 | D:4      | Reached skill level 5 in Armour
  2282 | D:4      | Noticed an ogre
  2290 | D:4      | Killed an ogre
  2290 | D:4      | Reached skill level 6 in Shields
  2290 | D:4      | Reached XP level 6. HP: 52/56 MP: 5/5
  2420 | D:4      | HP: 1/56 [ogre/giant spiked club (24)]
  2421 | D:4      | Mangled by an ogre

Vault maps used:
D:1:      scummos_arrival_hexagon
D:2:      grunt_temple_overflow_open
D:3:      uniq_crazy_yiuf_cottage
D:4:      portal_sewer_entry_b, st_stairs_9

Skill      XL: |  1  2  3  4  5 |
---------------+----------------+-----
Armour         | 4 5 |  5.2
Fighting       | 4 5 |  5.2
Shields        | 4 5 6 |  6.2
Axes           | |  2.4

Action                   |  1- 3 |  4- 6 || total
-------------------------+-------+-------++-------
Melee: War axe           |    85 |    97 ||   182
       Headbutt          |    10 |    10 ||    20
  Use: Potion            |       |     4 ||     4
       Scroll            |       |     1 ||     1
  Eat: Chunk             |       |     5 ||     5
Armor: Scale mail        |    54 |    19 ||    73
       Chain mail        |       |    38 ||    38
Dodge: Dodged            |    29 |    28 ||    57
Block: Shield            |    59 |    76 ||   135
